cohdb
Replays
Latest Replays
All Replays
Popular Replays
Top Player Replays
Match Explorer
How It Works
Community
CoH3 Stats
Reddit
Sign in to upload your games and track your stats! →
Sign in with Steam
Match 44124514
Unlisted
Match 44124514
Overview
Messages
Build Orders
End
Construct Barracks
Selects Armored Battlegroup
Selects Veteran Crews
1⁄4-ton 4x4 Truck
Riflemen Squad
Riflemen Squad
Riflemen Squad
Construct Medical Station
Grenade Package
Infantry Support Center
M1918 Browning Automatic Rifles
Construct Motor Pool
Selects Strength in Steel
M24 Chaffee Light Tank
Engineer Squad
Survival Training
M24 Chaffee Light Tank
Selects Seek and Destroy
M1 Anti-tank Gun Team
Riflemen Squad
Riflemen Squad
Advanced Logistics
Riflemen Squad
Selects M4A3E8 Sherman Combat Group
M4A3E8 Sherman Combat Group
Demolitions Package
Munitions Surplus
M4A3E8 Sherman Combat Group
Selects M31 Recovery Vehicle
Seek and Destroy
TowerNumberNine
Brother
0
0
Comments
sign in to comment!
No comments posted yet!